Map: Dusk Towers

Players

Bails - Winner!

  • Race: Protoss Protoss
  • League: Grandmaster

Pokebunny

  • Race: Terran Terran
  • League: Grandmaster

VOD

Have the link to the VOD?

Description

Time

  • Played on: April 4, 2016, 3:01 p.m.
  • Length: 6:14
Show
View Real Time Build Order
Export as new Build Order

Bails Protoss - Winner!

Build Orders: Oracle Opening 

Get SALT Encoding   

  12  0:00  Probe (Chrono Boost)  
  13  0:11  Probe (Chrono Boost)  
  14  0:17  Pylon  
  14  0:22  Probe (Chrono Boost)  
  16  0:35  Probe (Chrono Boost)  
  16  0:36  Gateway  
  16  0:46  Probe (Chrono Boost)  
  16  0:47  Assimilator  
  17  0:53  Assimilator  
  17  0:56  Probe (Chrono Boost)  
  18  1:07  Probe (Chrono Boost)  
  19  1:18  Probe (Chrono Boost)  
  20  1:23  Cybernetics Core  
  20  1:28  Probe (Chrono Boost)  
  21  1:38  Pylon  
  21  1:39  Probe (Chrono Boost)  
  22  1:49  Probe (Chrono Boost)  
  23  1:59  Stargate  
  23  2:02  Mothership Core (Chrono Boost)  
  27  2:17  Warp Gate  
  25  2:24  Nexus  
  25  2:27  Probe (Chrono Boost)  
  26  2:33  Pylon  
  26  2:42  Oracle (Chrono Boost)  
  29  2:45  Probe  
  30  2:53  Adept  
  33  3:05  Robotics Facility  
  32  3:09  Probe (Chrono Boost)  
  33  3:20  Adept (Chrono Boost), Probe (Chrono Boost)  
  36  3:31  Probe (Chrono Boost)  
  37  3:39  Probe (Chrono Boost)  
  37  3:40  Gateway  
  38  3:44  Probe  
  38  3:47  Stalker (Chrono Boost)  
  41  3:49  Probe  
  41  3:53  Observer  
  43  3:56  Pylon, Probe  
  43  3:59  Probe  
  45  4:08  Probe  
  46  4:18  Immortal (Chrono Boost), Gateway  
  46  4:22  Probe  
  46  4:23  Sentry, Probe  
  54  4:32  Pylon  
  54  4:37  Stalker  
  56  4:51  Pylon  
  60  4:53  Immortal (Chrono Boost)  
  60  4:55  Gateway  
  60  5:00  Adept x2  
  64  5:23  Adept x3  
  64  5:27  Immortal (Chrono Boost)  
  74  5:44  Pylon  
  74  5:48  Pylon, Probe  
  74  5:49  Probe  
  68  6:00  Probe x2  
  64  6:11  Stalker  
Show
View Real Time Build Order
Export as new Build Order

Pokebunny Terran 

Build Orders: 1/1/1, Widow Mine Drop 

Get SALT Encoding   

  12  0:01  SCV  
  13  0:14  SCV  
  14  0:18  Supply Depot  
  14  0:26  SCV  
  14  0:28  Refinery  
  15  0:40  SCV  
  16  0:47  Barracks  
  16  0:52  SCV  
  17  1:04  SCV  
  18  1:16  SCV  
  19  1:34  Orbital Command, Factory  
  19  1:35  Marine  
  19  1:38  Supply Depot  
  19  1:39  Refinery  
  20  1:52  Marine  
  21  2:00  SCV  
  22  2:11  Barracks Reactor  
  22  2:12  SCV  
  23  2:15  Supply Depot  
  23  2:18  Hellion  
  23  2:20  Starport  
  25  2:25  SCV  
  26  2:37  SCV  
  26  2:39  Widow Mine  
  29  2:46  Supply Depot  
  29  2:47  Marine x2  
  31  2:53  SCV  
  31  2:56  Medivac  
  34  3:05  Marine x2, SCV  
  35  3:08  Factory Tech Lab  
  37  3:20  Barracks x2  
  34  3:30  Marine x2  
  35  3:39  Siege Tank  
  38  3:48  Medivac  
  40  4:00  Marine x2  
  40  4:02  SCV  
  43  4:07  Supply Depot  
  43  4:08  Marine x2  
  45  4:11  Liberator  
  45  4:29  Siege Tank  
  51  4:40  Marine x3  
  54  4:47  Marine  
  54  4:51  Supply Depot  
  55  4:56  Supply Depot  
  55  4:59  Marine  
  54  5:11  Marine  
  54  5:12  Marine  
  54  5:13  Marine  
  57  5:17  Marine  
  57  5:28  Marine  
  57  5:30  Marine, Bunker  
  57  5:42  Marine x2  
  58  5:46  Marine  
  58  5:48  Marine  
Tags
 
Add a new tag
Caveats
  • Supply blocks, unpowered buildings, or Contaminate may cause inaccurate times.
  • Supply counts are checked every 10 seconds.